 Dungeon Crawl Stone Soup version 0.24.0-41-g2ae2f7f1be (webtiles) character file.

Game seed: 14322479378082622850, levelgen mode: deterministic

74 ReteAZ the Ruffian (level 4, -7/40 HPs)
             Began as a Troll Arcane Marksman on Dec 12, 2019.
             Was an Initiate of Okawaru.
             Mangled by a worm (8 damage)
             ... on level 2 of the Dungeon.
             The game lasted 00:02:14 (1424 turns).

ReteAZ the Ruffian (Troll Arcane Marksman)          Turns: 1424, Time: 00:02:14

Health: -7/40      AC:  6    Str: 18    XL:     4   Next: 10%
Magic:  4/4        EV: 10    Int: 10    God:    Okawaru [......]
Gold:   102        SH:  0    Dex: 10    Spells: 4/5 levels left

rFire    . . .     SeeInvis .     - Unarmed
rCold    . . .     Gourm    +   (no shield)
rNeg     . . .     Faith    .   a - +0 robe
rPois    .         Spirit   .   (helmet restricted)
rElec    .         Reflect  .   (no cloak)
rCorr    .         Harm     .   (gloves unavailable)
MR       .....                  (boots unavailable)
Stlth    +.........             (no amulet)
HPRegen  0.53/turn              (no ring)
MPRegen  0.09/turn              (no ring)

@: no status effects
A: large, unfitting armour, claws 3, fast metabolism 3, gourmand, regeneration
1, shaggy fur 1, tough skin 3
a: Renounce Religion


You were on level 2 of the Dungeon.
You worshipped Okawaru.
Okawaru was noncommittal.
You were full.

You visited 1 branch of the dungeon, and saw 3 of its levels.

You collected 102 gold pieces.

Inventory:

Missiles
 c - 4 large rocks (quivered)
 d - 2 throwing nets
 i - 26 stones
Armour
 a - a +0 robe (worn)
Jewellery
 e - an uncursed amulet of harm {unknown}
 l - an uncursed amulet of the gourmand {unknown}
 r - an uncursed ring of see invisible {unknown}
Scrolls
 b - a scroll of remove curse {unknown}
 g - 2 scrolls of identify {unknown}
 h - 2 scrolls of fear {unknown}
 k - a scroll of enchant weapon {unknown}
 o - 2 scrolls of teleportation {unknown}
 p - 2 scrolls of random uselessness {unknown}
 q - a scroll of blinking {unknown}
Potions
 j - a potion of agility {unknown}
 m - a potion of cancellation
 n - a potion of heal wounds {unknown}
 s - a potion of might {unknown}
Comestibles
 f - 4 rations


   Skills:
 - Level 0.7 Fighting
 - Level 1.7 Throwing
 - Level 1.5 Dodging
 * Level 3.8 Unarmed Combat
 - Level 1.0 Spellcasting
 - Level 2.0 Hexes


You had 4 spell levels left.
You knew the following spells:

 Your Spells              Type           Power        Failure   Level  Hunger
a - Corona                Hex            #......      16%         1    ##.....

Your spell library contained the following spells:

 Spells                   Type           Power        Failure   Level  Hunger
 Slow                     Hex            #.......     22%         2    ###....
 Inner Flame              Hex/Fire       #.......     56%         3    ####...
 Portal Projectile        Hex/Tloc       #.....       56%         3    ####...
 Cause Fear               Hex            #.........   83%         4    #####..
 Leda's Liquefaction      Hex/Erth       #.........   92%         4    #####..


Dungeon Overview and Level Annotations

Branches:
Dungeon (3/15)

Altars:
Dithmenos
Fedhas
Makhleb
Nemelex Xobeh
Okawaru
Sif Muna
Wu Jian
The Shining One


Innate Abilities, Weirdness & Mutations

You are too large for most types of armour.
You have claws for hands.
Your metabolism is lightning-fast.
You like to eat raw meat.
Your natural rate of healing is unusually fast.
You are covered in fur. (AC +1)
You have extremely tough skin. (AC +3)


Message History

You kill the hobgoblin!
Okawaru accepts your kill. The kobold closely misses you.
The gnoll hits you from afar with a +0 halberd!
The kobold hits you but does no damage. The gnoll hits you with a +0 halberd!
* * * LOW HITPOINT WARNING * * *
You see here a hobgoblin corpse.
It was a potion of cancellation.
You feel magically purged. The kobold hits you but does no damage.
You claw the gnoll!
You kill the gnoll!
Okawaru accepts your kill.
You have reached level 4!
The kobold barely misses you.
You claw the worm!
The worm is almost dead.
The kobold hits you with a +0 short sword.
* * * LOW HITPOINT WARNING * * *
The worm bites you!
You die...

#..#..######.....#
##.##.##... ##....#
#..#..#..[ #....#
#..#..#.$# .#....#
#..#....)##(.#..#.# #
#..#..g.K[%..#..#.# #
#..##.†.gg..##.##.#
#########...#.(######..#..#
##..........##.w@.....##.##
#...#####.<..###K...###..#
###.# #....÷.######...##
.##†# ###...........#.#
....# ###...........# .####
############# ## # #


You could see a worm and a kobold.

Vanquished Creatures
  A gnoll (D:2)
  An ooze (D:2)
  3 worms (D:2)
  2 dart slugs
  2 leopard geckos
  A ball python (D:2)
  2 giant cockroaches (D:1)
  5 goblins
  6 hobgoblins
  4 jackals (D:1)
  2 quokkas (D:2)
  6 bats
  4 kobolds
  5 rats
44 creatures vanquished.

Notes
Turn   | Place    | Note
-------+----------+-------------------------------------------
     0 | D:1      | ReteAZ the Troll Arcane Marksman began the quest for the
                  | Orb.
     0 | D:1      | Reached XP level 1. HP: 18/18 MP: 1/1
   117 | D:1      | Reached skill level 1 in Unarmed Combat
   194 | D:1      | Reached XP level 2. HP: 23/26 MP: 2/2
   251 | D:1      | Reached skill level 2 in Unarmed Combat
   750 | D:2      | Reached XP level 3. HP: 32/32 MP: 3/3
   834 | D:2      | Reached skill level 3 in Unarmed Combat
  1055 | D:2      | Found a shimmering blue altar of Sif Muna.
  1227 | D:2      | Found a blossoming altar of Fedhas.
  1234 | D:2      | Found a shadowy altar of Dithmenos.
  1239 | D:2      | Found a sparkling altar of Nemelex Xobeh.
  1246 | D:2      | Found a glowing golden altar of the Shining One.
  1251 | D:2      | Found a burning altar of Makhleb.
  1258 | D:2      | Found an ornate altar of the Wu Jian Council.
  1263 | D:2      | Found an iron altar of Okawaru.
  1267 | D:2      | Became a worshipper of Warmaster Okawaru
  1423 | D:2      | Reached XP level 4. HP: 4/40 MP: 4/4
  1424 | D:2      | HP: 1/40 [kobold/+0 short sword (4)]
  1424 | D:2      | Mangled by a worm

Levels and vault maps discovered:
D:1:      onia_arrival_mini_maze_b, layout_basic, grunt_decor_one_mirror
D:2:      layout_rooms, nicolae_overflow_hidden_temple,
          grunt_temple_overflow_octagram, minmay_randomly_rotated_circles
D:3:      layout_loops_ring, nicolae_ru_path_of_blood, first_ration,
          minmay_box_of_dots, uniq_grinder

Skill      XL: |  1  2  3 |
---------------+----------+-----
Unarmed Combat | 1 2 3 |  3.8
Fighting       | |  0.7
Throwing       | |  1.7
Dodging        | |  1.5
Spellcasting   | |  1.0
Hexes          | |  2.0

Action                   |  1- 3 |  4- 6 || total
-------------------------+-------+-------++-------
Melee: Unarmed           |   114 |     1 ||   115
  Use: Potion            |     1 |       ||     1
 Stab: Sleeping          |     3 |       ||     3
  Eat: Chunk             |    15 |       ||    15
Armor: Robe              |    39 |       ||    39
Dodge: Dodged            |    63 |     1 ||    64
